 Dungeon Crawl Stone Soup version 0.30-a0-591-g3c58d2bc28 (webtiles) character file.

Game seed: 18170860825016950724

162679 freelancePsychic the Black Belt (level 16, 0/136 HPs)
             Began as a Demonspawn Brigand on Jan 4, 2023.
             Was the Champion of Jiyva.
             Slain by a ghoul (13 damage)
             ... on level 4 of the Swamp.
             The game lasted 01:08:48 (25737 turns).

freelancePsychic the Black Belt (DsBr)             Turns: 25737, Time: 01:08:49

Health: 0/136      AC: 17    Str: 10    XL:     16   Next: 97%
Magic:  0/25       EV: 20    Int: 23    God:    Jiyva [******]
Gold:   703        SH: 15    Dex: 27    Spells: 24/27 levels left

rFire   + . .      SeeInvis .      - Unarmed
rCold   + . .      Faith    .    L - +2 kite shield of Gyobemp {Will+}
rNeg    + + +      Spirit   +    z - +0 steam dragon scales
rPois   .          Reflect  .    V - +1 hat of the Gloaming {Harm Rampage rC+ Str-2}
rElec   +          Harm     +    S - +2 cloak of the Vestibule of Hell {+Blink rN++ Regen+ Int-2}
rCorr   +          Rampage  +    (no gloves)
Will    ++++.      Clarity  +    (boots unavailable)
Stlth   +++++                    k - amulet of the Empire {Spirit Contam rElec Int+4 Stlth+}
HPRegen 2.82/turn                H - ring of Guro {Wiz rF+ rN+ Dex+3}
MPRegen 0.69/turn                v - +4 ring of slaying

@: ice-armoured, about to teleport
A: claws 2, hooves 3, horns 2, demonic guardian 2, demonic magic 1, thin
skeletal structure 1, agile 2, clarity, clever 2, deformed body, strong-willed
2, pseudopods 1, evolution 1, jelly absorbing missiles, sturdy frame 2, engulf
}: 1/15 runes: slimy
a: Renounce Religion, Evoke Blink, Oozemancy, Slimify


You were on level 4 of the Swamp.
You worshipped Jiyva.
Jiyva was exalted by your worship.
You visited 6 branches of the dungeon, and saw 33 of its levels.
You also visited: Sewer and Gauntlet.

You collected 1591 gold pieces.
You spent 888 gold pieces at shops.

Inventory:

Hand Weapons
 a - a +3 heavy dagger
Missiles
 e - 3 curare-tipped darts
 g - 6 poisoned darts (quivered)
 i - 7 silver javelins
 I - 4 atropa-tipped darts
 M - 9 javelins
 U - a throwing net
Armour
 z - +0 steam dragon scales (worn)
 L - the +2 kite shield of Gyobemp (worn) {Will+}
   (You found it in a Gauntlet)

   Will:      It increases your willpower.
 S - the +2 cloak of the Vestibule of Hell (worn) {+Blink rN++ Regen+ Int-2}
   (You found it on level 9 of the Dungeon)

   Int:       It affects your intelligence (-2).
   rN:        It greatly protects you from negative energy.
   +Blink:    It lets you blink.
   Regen:     It increases your rate of health regeneration.
 T - the +10 plate armour "Lown" {rElec rF++}
   (You took it off an orc warrior on level 9 of the Dungeon)

   rF:        It greatly protects you from fire.
   rElec:     It insulates you from electricity.
 V - the +1 hat of the Gloaming (worn) {Harm Rampage rC+ Str-2}
   (You bought it in a shop on level 2 of the Orcish Mines)

   Str:       It affects your strength (-2).
   rC:        It protects you from cold.
   Harm:      It increases damage dealt and taken.
   Rampage:   It bestows one free step when moving towards enemies.
Magical Staves
 O - a staff of air
Jewellery
 f - a ring of see invisible
 k - the amulet of the Empire (around neck) {Spirit Contam rElec Int+4 Stlth+}
   (You found it in a Gauntlet)

   [amulet of guardian spirit]

   It causes incoming damage to be divided between your reserves of health and
   magic.
   Int:       It affects your intelligence (+4).
   rElec:     It insulates you from electricity.
   Contam:    It causes magical contamination when unequipped.
   Stlth:     It makes you more stealthy.
 s - a +6 ring of dexterity
 v - a +4 ring of slaying (right claw)
 x - a ring of ice
 C - an amulet of faith
 E - an amulet of magic regeneration
 G - a ring of wizardry
 H - the ring of Guro (left claw) {Wiz rF+ rN+ Dex+3}
   (You found it on level 10 of the Dungeon)

   [ring of wizardry]

   It improves your spell success rate.
   Dex:       It affects your dexterity (+3).
   rF:        It protects you from fire.
   rN:        It protects you from negative energy.
 J - an amulet of the acrobat
 Y - a ring of positive energy
Wands
 d - a wand of flame (5)
 j - a wand of iceblast (5)
 p - a wand of polymorph (15)
 t - a wand of charming (18)
 y - a wand of quicksilver (10)
 A - a wand of mindburst (7)
 P - a wand of digging (2)
Scrolls
 b - a scroll of immolation
 h - 2 scrolls of silence
 w - 6 scrolls of teleportation {@r4}
 B - 2 scrolls of noise
 F - 4 scrolls of amnesia
 K - 2 scrolls of poison
 Q - a scroll of blinking
 W - 2 scrolls of fear
 X - 2 scrolls of enchant armour
 Z - 6 scrolls of identify {@r1}
Potions
 c - 2 potions of cancellation
 l - a potion of resistance
 m - 2 potions of brilliance
 n - 4 potions of magic
 o - 4 potions of might
 q - 4 potions of haste {@q3}
 r - a potion of lignification
 u - 2 potions of mutation
 D - a potion of flight
 R - 3 potions of curing {@q1}
Miscellaneous
 N - a condenser vane


   Skills:
 - Level 15.0 Fighting
 - Level 2.4 Short Blades
 - Level 3.0 Throwing
 + Level 11.9 Armour
 - Level 9.6 Dodging
 - Level 4.0 Stealth
 + Level 7.3 Shields
 - Level 17.2 Unarmed Combat
 - Level 6.0 Spellcasting
 - Level 5.5 Ice Magic


You had 24 spell levels left.
You knew the following spells:

 Your Spells              Type           Power      Damage    Failure   Level
a - Ozocubu's Armour      Ice            32%        N/A       2%          3

Your spell library contained the following spells:

 Spells                   Type           Power      Damage    Failure   Level
 Sting                    Tmut/Pois      24%        1d4       9%          1
 Cigotuvi's Dreadful Rot  Necr/Pois/Air  12%        N/A       13%         2
 Metabolic Englaciation   Hex/Ice        9%         N/A       56%         5
 Animate Dead             Necr           6%         N/A       61%         4
 Fulminant Prism          Conj/Hex       3%         3d5       61%         4
 Borgnjor's Vile Clutch   Necr/Erth      3%         N/A       90%         5
 Ozocubu's Refrigeration  Ice            16%        4d11      99%         7
 Death Channel            Necr           3%         N/A       100%        6
 Orb of Destruction       Conj           3%         9d5       100%        7
 Lehudib's Crystal Spear  Conj/Erth      3%         10d2      100%        8
 Polar Vortex             Ice            16%        N/A       100%        9


Dungeon Overview and Level Annotations

Branches:
Dungeon (15/15)            Temple (0/1) D:7            Lair (5/5) D:10
  Swamp (4/4) Lair:2       Spider (0/4) Lair:2        Slime (5/5) Lair:5
    Orc (2/2) D:9             Elf (2/3) Orc:2        Vaults (0/5) D:14
 Depths (0/4) D:15          Sewer (visited)         Gauntlet (visited)

Altars:
Ashenzari
Kikubaaqudgha
Makhleb
Nemelex Xobeh
Sif Muna
Uskayaw
Vehumet
Xom
Yredelemnul
Jiyva

Shops:
D:4 *   D:13 (   Orc:2 ([(!

Portals:
Trove: D:13 (give 2 scrolls of acquirement)

Annotations:
D:3 2 transporters, Grinder
D:4 exclusion: wight
D:7 1 runed translucent door, brightshaft's ghost, novice TeBe
D:8 2 transporters
D:14 3 runed translucent doors, exclusion: obsidian statue, Nucishy's ghost, adept DrAE
Lair:4 1 runed translucent door, Dobruq's ghost, journeyman OgTm
Swamp:3 3 runed translucent doors, Atuuduag's ghost, adept OgGl
Slime:5 Royal Jelly
Elf:1 3 runed translucent doors, Foybonoth's ghost, adept MiFi; SirDiesAlot's ghost, adept DsFE; Teoxt's ghost, adept OpAE


Innate Abilities, Weirdness & Mutations

You have very sharp fingernails.
You have hooves in place of feet.
You have a pair of horns on your head.
A demonic guardian rushes to your aid.
Spells you cast may paralyse adjacent enemies.
You have a somewhat thin skeletal structure. (Dex +2, Stealth+)
You are very agile. (Dex +8, Str/Int -2)
You possess an exceptional clarity of mind.
Your mind is very acute. (Int +8, Str/Dex -2)
Armour fits poorly on your strangely shaped body.
You are highly strong-willed. (Will++)
Armour fits poorly on your pseudopods.
You have hidden genetic potential.
You have a small jelly attached to you that may absorb projectiles.
Your movements are less encumbered by armour. (ER -4)
Your melee attacks may engulf your foes in ooze.


Message History

The helpless swamp worm fails to defend itself.
You eviscerate the swamp worm!!!
You kill the swamp worm!
The ghoul claws you but does no damage. The ghoul claws you.
You block the ghoul's attack.
The ghoul splashes around in the water.
Your soul eater hits the ghoul!!
You block the ghoul's attack. The ghoul claws you but does no damage.
You scratch the swamp worm. You kick the swamp worm.
You bludgeon the swamp worm.
The swamp worm is lightly wounded.
You block the ghoul's attack. The ghoul claws you!!
The ghoul closely misses you. The ghoul misses you.
Your soul eater draws from the surrounding life force!
The swamp worm bites you!
Casting: Ozocubu's Armour (mildly dangerous; 2% risk of failure)
Confirm with . or Enter, or press ? or * to list all spells.
Your icy armour thickens.
Malevolent energies surge around you.
The swamp worm suddenly stops moving!
You block the ghoul's attack. The ghoul claws you.
You block the ghoul's attack. The ghoul claws you!!
* * * LOW HITPOINT WARNING * * *
The ghoul claws you!
* * * LOW HITPOINT WARNING * * *
The ghoul misses you.
Your soul eater barely misses the ghoul.
As you read the scroll of teleportation {@r4}, it crumbles to dust.
You feel strangely unstable. The ghoul claws you!!
* * * LOW HITPOINT WARNING * * *
The ghoul misses you. You block the ghoul's attack. x4
Your soul eater draws from the surrounding life force!
You feel better.
The swamp worm is no longer paralysed.
The ghoul claws you but does no damage. You block the ghoul's attack.
The ghoul misses you. x2; The ghoul barely misses you.
The ghoul claws you but does no damage. The swamp worm completely misses you.
Your soul eater hits the ghoul!
You feel better. You block the ghoul's attack.
The ghoul claws you but does no damage. The ghoul claws you!!
* * * LOW HITPOINT WARNING * * *
You block the ghoul's attack. The ghoul closely misses you.
The ghoul claws you!
You die...

♣§♣..♣
♣♣§~~.♣♣...~♣♣
♣~~... ♣♣~~....~♣♣♣
§~..~.♣ ♣♣~~...~♣♣
.....♣.♣♣♣♣~~~.~~~♣
..~...~$♣.♣~.~.♣♣♣♣
.....♣.~~..~~~~♣
~[~....†.(.~.~♣♣
..~....nn.♣..~.♣
.~....~n@~♣...♣♣
..~....w3.♣♣.♣♣
.~..?~.♣.♣♣♣♣♣
.$~♣..~.♣. $~.~♣~.~
.. ~..♣♣♣♣~ ~♣♣ .~.
♣♣ ♣♣ .~


You could see 3 ghouls, a swamp worm and a friendly soul eater (summoned).

Vanquished Creatures
  A tentacled monstrosity (Swamp:1)
  Frances (Elf:1)
  A thorn hunter (Swamp:3)
  Gastronok (D:10)
  Donald (Swamp:2)
  Louise (Swamp:3)
  A ghoul (Swamp:4)
  An orc warlord (Orc:2)
  Nessos (Orc:2)
  A dire elephant (Lair:3)
  7 eleionomae
  A deep elf annihilator (Elf:1)
  3 bunyips
  2 ettins (D:15)
  Snorg (Lair:5)
  A deep elf death mage (Elf:1)
  2 deep elf high priests (Elf:1)
  2 ghost crabs
  A spriggan air mage (Swamp:4)
  15 hydras
  An ogre mage (D:15)
  7 two-headed ogres
  A catoblepas (D:15)
  2 dancing weapons (Elf:1)
  7 centaur warriors
  3 boulder beetles
  8 alligators
  3 death yaks (Lair:5)
  An orc high priest (Orc:2)
  2 tengu warriors (D:14)
  Urug (Orc:1)
  A spriggan berserker (D:15)
  3 deep elf knights (Elf:1)
  6 spriggans
  2 spriggan druids
  4 goliath frogs
  2 bog bodies
  3 lindwurms
  3 deep elf archers (Elf:1)
  A swamp dragon (Swamp:3)
  A necromancer (D:15)
  3 orc knights
  4 deep elf zephyrmancers
  3 ugly things
  14 deep elf pyromancers
  2 orc sorcerers
  A wolf spider zombie (D:15)
  5 cyclopes
  A will-o-the-wisp (Swamp:1)
  2 manticores
  6 elephants
  2 torpor snails (Lair:3)
  A guardian serpent (Lair:5)
  9 black mambas
  26 cane toads
  A black mamba (shapeshifter) (D:15)
  2 naga magi (D:15)
  3 gargoyles
  4 molten gargoyles (D:13)
  An orange demon (Lair:2)
  3 kobold demonologists
  A centaur skeleton (D:15)
  5 komodo dragons
  4 rime drakes
  A freezing wraith (D:12)
  3 meliai (D:15)
  2 trolls (Orc:1)
  6 hornets
  4 polar bears
  21 blink frogs
  A wolf spider simulacrum (Gauntlet)
  5 tyrant leeches
  6 dream sheep
  3 shadows
  A wraith (D:10)
  2 water elementals
  58 yaks
  16 wyverns
  3 fire elementals (Elf:1)
  11 humans
  Eustachio (D:6)
  A redback (Lair:5)
  2 steam dragons
  14 vampire mosquitoes
  Edmund (D:4)
  5 basilisks
  21 swamp worms
  2 wargs (Orc:1)
  An acid dragon (D:10)
  27 water moccasins
  Duvessa (D:7)
  Pargi (D:3)
  A swamp drake (Swamp:2)
  25 orc warriors
  3 sky beasts
  An ice beast (D:10)
  A meliai simulacrum (Gauntlet)
  6 black bears
  5 ogres
  16 wolves
  4 centaurs
  5 kobold brigands
  3 phantoms
  Blork the orc (D:6)
  2 necrophages
  A gnoll sergeant (D:10)
  11 bullfrogs
  2 scorpions
  A water moccasin zombie (D:5)
  12 wights
  Dowan (D:7)
  3 killer bees (D:11)
  7 howler monkeys
  A lava snake (D:13)
  9 electric eels
  A crimson imp (D:14)
  A bullfrog zombie (D:5)
  2 hounds
  3 centaur zombies
  A wyvern simulacrum (Gauntlet)
  3 jellies (Sewer)
  22 orc priests
  An iguana (D:5)
  An iron imp (D:14)
  16 orc wizards
  7 hell rats (Lair:1)
  A hound skeleton (D:5)
  8 gnolls
  2 river rats (Sewer)
  8 adders
  A shadow imp (D:6)
  2 white imps
  2 ufetubi
  An adder zombie (D:5)
  A dart slug (D:1)
  4 worms
  70 orcs
  4 ball pythons
  7 bats
  15 endoplasms
  5 giant cockroaches
  8 goblins
  2 hobgoblins
  11 jackals
  4 quokkas
  7 frilled lizards
  14 kobolds
  11 rats
797 creatures vanquished.

Vanquished Creatures (collateral kills)
  2 hydras
  2 catoblepae
  The ghost of Darkkill the Skirmisher, a novice MiHu of Gozag (D:9)
  A fire crab (Lair:3)
  A lindwurm (Lair:5)
  2 deep elf zephyrmancers (Elf:1)
  A manticore (Lair:5)
  A deep elf pyromancer (D:12)
  An elephant (Lair:4)
  A black mamba (Lair:5)
  A cane toad (Lair:4)
  An unseen horror (D:12)
  A blink frog (Lair:5)
  2 hornets (Swamp:2)
  4 dream sheep (Lair:4)
  2 spriggans (Swamp:2)
  A centaur simulacrum (Gauntlet)
  A water elemental (D:15)
  A yak (Lair:4)
  A vampire mosquito (Swamp:1)
  2 swamp worms (Swamp:2)
  An orc warrior (D:9)
  A centaur (D:13)
  A bullfrog (Lair:3)
  An orc priest (Orc:2)
  An orc (D:9)
35 creatures vanquished.

Vanquished Creatures (others)
  A bunyip (Swamp:2)
  A great orb of eyes (Gauntlet)
  A centaur warrior (D:14)
  A deep elf knight (Elf:2)
  A deep elf zephyrmancer (Elf:1)
  5 ugly things (D:14)
  A wolf spider (Lair:5)
  A tengu conjurer (D:14)
  A bloated husk (Swamp:2)
  6 slime creatures
  A wyvern (D:8)
  A wraith (D:8)
  A basilisk (D:8)
  4 humans (D:14)
  A warg (D:9)
  A water moccasin (Lair:5)
  A black bear (Lair:1)
  An orc warrior (D:9)
  4 bullfrogs
  88 jellies
  A killer bee (D:11)
  A howler monkey (D:7)
  2 hounds
  2 orc priests (D:9)
  An iguana (D:5)
  6 orc wizards
  2 gnolls (D:8)
  An adder skeleton (D:5)
  2 endoplasms
  25 orcs
  2 hobgoblins
  5 kobolds
  4 briar patches (Swamp:3)
  3 bushes (D:14)
  66 fungi
  128 plants
  11 withered plants
384 creatures vanquished.

Grand Total: 1216 creatures vanquished

Notes
Turn   | Place    | Note
-------+----------+-------------------------------------------
     0 | D:1      | freelancePsychic the Demonspawn Brigand began the quest for
                  | the Orb.
     0 | D:1      | Reached XP level 1. HP: 16/16 MP: 1/1
   231 | D:1      | Discovered your monstrous ancestry.
   231 | D:1      | Gained mutation: You have sharp fingernails. [demonic
                  | ancestry]
   231 | D:1      | Reached XP level 2. HP: 22/22 MP: 2/2
   444 | D:1      | Reached skill level 1 in Unarmed Combat
   574 | D:1      | Reached XP level 3. HP: 25/28 MP: 3/3
   766 | D:1      | Found a faded altar of an unknown god.
  1823 | D:2      | Reached XP level 4. HP: 34/34 MP: 4/4
  2267 | D:3      | Reached skill level 2 in Unarmed Combat
  2384 | D:3      | Found a shimmering altar of Xom.
  2466 | D:3      | Noticed a gnoll sergeant
  2474 | D:3      | Found a glowing drain.
  2490 | Sewer    | Entered a sewer
  2710 | Sewer    | Gained mutation: Spells you cast may paralyse adjacent
                  | enemies. [demonic ancestry]
  2710 | Sewer    | Reached XP level 5. HP: 41/41 MP: 5/5
  2810 | Sewer    | Found a viscous altar of Jiyva.
  3182 | Sewer    | Became a worshipper of Jiyva Jeommerr the Shapeless
  3258 | D:3      | Found a transporter.
  3260 | D:3      | Found a transporter.
  3304 | D:3      | Found a radiant altar of Vehumet.
  3350 | D:3      | Noticed Grinder
  3399 | D:3      | Paralysed by Grinder for 2 turns
  3590 | D:4      | Found Gelogaewut's General Store.
  3685 | D:4      | Reached * piety under Jiyva
  3725 | D:4      | Gained mutation: You have a pair of small horns on your
                  | head. [demonic ancestry]
  3725 | D:4      | Reached XP level 6. HP: 48/48 MP: 6/6
  3799 | D:4      | Reached skill level 3 in Unarmed Combat
  3921 | D:4      | Noticed Edmund
  3929 | D:4      | Killed Edmund
  3942 | D:4      | Reached ** piety under Jiyva
  4103 | D:4      | Reached skill level 1 in Ice Magic
  4305 | D:5      | Entered Level 5 of the Dungeon
  4305 | D:5      | Found an ancient bone altar of Kikubaaqudgha.
  4305 | D:5      | Found a shimmering blue altar of Sif Muna.
  4310 | D:5      | Found a broken altar of Ashenzari.
  4330 | D:5      | HP: 1/49 [iguana (11)]
  4336 | D:5      | Gained mutation: You have very sharp fingernails. [demonic
                  | ancestry]
  4336 | D:5      | Reached XP level 7. HP: 8/55 MP: 7/7
  4439 | D:5      | Found a sparkling altar of Nemelex Xobeh.
  4471 | D:5      | Reached skill level 4 in Unarmed Combat
  4474 | D:5      | HP: 1/55 [orc priest/divine providence (15)]
  4591 | D:3      | Reached *** piety under Jiyva
  4591 | D:3      | Gained mutation: You have a pair of horns on your head.
                  | [Jiyva's grace]
  4591 | D:3      | Gained mutation: You have a pair of large horns on your
                  | head. [Jiyva's grace]
  4591 | D:3      | Gained mutation: You have acidic saliva. [Jiyva's grace]
  4591 | D:3      | Gained mutation: You have a small jelly attached to you
                  | that senses nearby items. [Jiyva's grace]
  4614 | D:3      | Noticed Pargi
  4629 | D:3      | Killed Pargi
  4630 | D:3      | Reached skill level 5 in Fighting
  4634 | D:3      | Learned a level 3 spell: Ozocubu's Armour
  5071 | D:5      | Reached XP level 8. HP: 51/62 MP: 8/8
  5477 | D:6      | Reached skill level 5 in Unarmed Combat
  5477 | D:6      | Reached skill level 5 in Ice Magic
  5530 | D:6      | Reached **** piety under Jiyva
  5629 | D:6      | Noticed Blork the orc
  5635 | D:6      | Killed Blork the orc
  5740 | D:6      | Noticed Eustachio
  5748 | D:6      | Killed Eustachio
  6159 | D:7      | Found a runed translucent door.
  6159 | D:7      | Noticed brightshaft's ghost (novice TeBe)
  6190 | D:7      | Reached skill level 1 in Spellcasting
  6205 | D:7      | Found a staircase to the Ecumenical Temple.
  6232 | D:7      | Noticed Duvessa
  6232 | D:7      | Noticed Dowan
  6248 | D:7      | Killed Duvessa
  6251 | D:7      | Killed Dowan
  6255 | D:7      | Reached XP level 9. HP: 21/71 MP: 4/12
  6314 | D:7      | Reached skill level 6 in Unarmed Combat
  6449 | D:7      | Lost mutation: You have a pair of large horns on your head.
                  | [Jiyva's grace]
  6449 | D:7      | Gained mutation: You have hidden genetic potential.
                  | [Jiyva's grace]
  6449 | D:7      | Gained mutation: You have great hidden genetic potential.
                  | [Jiyva's grace]
  6449 | D:7      | Gained mutation: Your rubbery body absorbs attacks. (AC +1,
                  | EV +1) [Jiyva's grace]
  6449 | D:7      | Gained mutation: Your pliable body absorbs attacks. (AC +2,
                  | EV +2) [Jiyva's grace]
  6814 | D:7      | Reached ***** piety under Jiyva
  7066 | D:8      | Found a hide-covered altar of Uskayaw.
  7558 | D:8      | Reached skill level 5 in Spellcasting
  7629 | D:8      | Found a transporter.
  7633 | D:8      | Found a transporter.
  7635 | D:8      | Found a basalt altar of Yredelemnul.
  7937 | D:9      | Reached XP level 10. HP: 78/81 MP: 14/18
  7978 | D:9      | Found a runed translucent gate.
  7978 | D:9      | Found a runed translucent gate.
  7979 | D:9      | Found a runed translucent gate.
  7992 | D:9      | Noticed Darkkill's ghost (novice MiHu)
  7995 | D:9      | Identified the +10 plate armour "Lown" {rElec rF++}
  8068 | D:9      | Gained mutation: You have a pair of large horns on your
                  | head. [hidden potential]
  8079 | D:9      | Identified the +8 rapier of Courage {flame, +Blink rN++
                  | Str-2 Dex-5 Stlth+}
  8220 | D:9      | Found a staircase to the Orcish Mines.
  8439 | D:9      | Reached skill level 7 in Unarmed Combat
  8455 | D:9      | Lost mutation: You have a pair of large horns on your head.
                  | [Jiyva's grace]
  8455 | D:9      | Lost mutation: You have acidic saliva. [Jiyva's grace]
  8455 | D:9      | Lost mutation: Your pliable body absorbs attacks. (AC +2,
                  | EV +2) [Jiyva's grace]
  8455 | D:9      | Lost mutation: Your rubbery body absorbs attacks. (AC +1,
                  | EV +1) [Jiyva's grace]
  8455 | D:9      | Lost mutation: You have great hidden genetic potential.
                  | [Jiyva's grace]
  8455 | D:9      | Gained mutation: Armour fits poorly on your pseudopods.
                  | [Jiyva's grace]
  8455 | D:9      | Gained mutation: Armour fits poorly on your large
                  | pseudopods. [Jiyva's grace]
  8455 | D:9      | Gained mutation: Armour fits poorly on your massive
                  | pseudopods. [Jiyva's grace]
  8455 | D:9      | Gained mutation: Your mind is acute. (Int +4, Str/Dex -1)
                  | [Jiyva's grace]
  8838 | D:10     | Entered Level 10 of the Dungeon
  9019 | D:11     | Noticed a gargoyle
  9141 | D:10     | Reached ****** piety under Jiyva
  9152 | D:10     | Found a burning altar of Makhleb.
  9183 | D:10     | Reached skill level 8 in Unarmed Combat
  9186 | D:10     | Reached skill level 10 in Fighting
  9211 | D:10     | Found a staircase to the Lair.
  9220 | D:10     | Identified the ring of Guro {Wiz rF+ rN+ Dex+3}
  9395 | D:10     | Noticed Gastronok
  9456 | Lair:1   | Entered Level 1 of the Lair of Beasts
  9531 | Lair:1   | Noticed a cane toad
  9600 | Lair:1   | Noticed a cane toad
  9612 | Lair:1   | Killed a cane toad
  9613 | Lair:1   | Gained mutation: You have large cloven feet. [demonic
                  | ancestry]
  9613 | Lair:1   | Reached XP level 11. HP: 90/92 MP: 11/20
  9679 | Lair:1   | Reached skill level 1 in Shields
  9754 | Lair:1   | Gained mutation: You are strong-willed. (Will+) [hidden
                  | potential]
  9754 | Lair:1   | Lost mutation: You have hidden genetic potential. [hidden
                  | potential expressed]
  9865 | Lair:1   | Reached skill level 9 in Unarmed Combat
 10173 | Lair:1   | Lost mutation: Armour fits poorly on your massive
                  | pseudopods. [Jiyva's grace]
 10173 | Lair:1   | Lost mutation: Armour fits poorly on your large pseudopods.
                  | [Jiyva's grace]
 10173 | Lair:1   | Gained mutation: You have hoof-like feet. [Jiyva's grace]
 10173 | Lair:1   | Gained mutation: You have hooves in place of feet. [Jiyva's
                  | grace]
 10173 | Lair:1   | Gained mutation: You have acidic saliva. [Jiyva's grace]
 10173 | Lair:1   | Gained mutation: You have a pair of large horns on your
                  | head. [Jiyva's grace]
 10500 | Lair:2   | Noticed Amaemon
 10674 | Lair:2   | Noticed a six-headed hydra
 10785 | Lair:2   | Found a staircase to the Swamp.
 10964 | Lair:2   | Slimified Amaemon
 10964 | Lair:2   | Amaemon changed into Amaemon the slime creature
 10964 | Lair:2   | Noticed Amaemon
 11031 | Lair:2   | Found a hole to the Spider Nest.
 11114 | Lair:3   | Noticed a seven-headed hydra
 11125 | Lair:3   | Killed a seven-headed hydra
 11126 | Lair:3   | Reached skill level 10 in Unarmed Combat
 11408 | Lair:3   | Gained mutation: A weak demonic guardian rushes to your
                  | aid. [demonic ancestry]
 11408 | Lair:3   | Reached XP level 12. HP: 101/102 MP: 21/21
 11468 | Lair:3   | Reached skill level 11 in Unarmed Combat
 11523 | Lair:3   | Noticed a five-headed hydra
 11526 | Lair:3   | Reached skill level 1 in Dodging
 11529 | Lair:3   | Slimified a five-headed hydra
 11529 | Lair:3   | a five-headed hydra changed into a slime creature
 11873 | Lair:3   | Identified the +10 rapier "Unien" {venom, rElec rF+ Str-2
                  | Stlth+}
 11887 | Lair:3   | Noticed a six-headed hydra
 11887 | Lair:3   | Noticed a four-headed hydra
 11919 | Lair:3   | Noticed a four-headed hydra
 11919 | Lair:3   | Noticed a dire elephant
 11928 | Lair:3   | Killed a four-headed hydra
 11934 | Lair:3   | HP: 3/103 [dire elephant (7)]
 12446 | Lair:4   | Reached skill level 12 in Unarmed Combat
 12448 | Lair:4   | Reached skill level 5 in Dodging
 12467 | Lair:4   | Lost mutation: You have a pair of large horns on your head.
                  | [Jiyva's grace]
 12467 | Lair:4   | Lost mutation: You have a small jelly attached to you that
                  | senses nearby items. [Jiyva's grace]
 12467 | Lair:4   | Gained mutation: You have an increased reservoir of magic.
                  | (+10% MP) [Jiyva's grace]
 12467 | Lair:4   | Gained mutation: You have a considerably increased
                  | reservoir of magic. (+20% MP) [Jiyva's grace]
 12467 | Lair:4   | Gained mutation: You have a greatly increased reservoir of
                  | magic. (+30% MP) [Jiyva's grace]
 12467 | Lair:4   | Gained mutation: Your spells are a little harder to cast,
                  | but a little more powerful. [Jiyva's grace]
 12545 | Lair:4   | Found a gate leading to a gauntlet.
 12575 | Gauntlet | Entered a Gauntlet
 12575 | Gauntlet | Found a transporter.
 12582 | Gauntlet | Found a transporter.
 12584 | Gauntlet | Found a transporter.
 12594 | Gauntlet | Found a runed translucent gate.
 12595 | Gauntlet | Found a runed translucent gate.
 12595 | Gauntlet | Found a transporter.
 12598 | Gauntlet | Found a transporter.
 12601 | Gauntlet | Found a runed translucent gate.
 12607 | Gauntlet | Found a transporter.
 12616 | Gauntlet | Noticed a great orb of eyes
 12622 | Gauntlet | Found a runed translucent door.
 12622 | Gauntlet | Noticed an entropy weaver
 12623 | Gauntlet | Found a transporter.
 12630 | Gauntlet | Noticed a death scarab
 12634 | Gauntlet | Found a transporter.
 12640 | Gauntlet | Killed a great orb of eyes
 12641 | Gauntlet | Found a runed translucent door.
 12647 | Gauntlet | Found a transporter.
 12661 | Gauntlet | Found a transporter.
 12676 | Gauntlet | Found a transporter.
 12676 | Gauntlet | Found a transporter.
 12679 | Gauntlet | Noticed a catoblepas
 12716 | Gauntlet | Noticed a death scarab
 12718 | Gauntlet | Found a transporter.
 12727 | Gauntlet | Found a runed translucent door.
 12732 | Gauntlet | Found a transporter.
 12892 | Gauntlet | Gained mutation: A demonic guardian rushes to your aid.
                  | [demonic ancestry]
 12892 | Gauntlet | Reached XP level 13. HP: 30/111 MP: 28/28
 13013 | Gauntlet | Identified the +1 chain mail of Mirth {Fly rCorr Int+4}
 13017 | Gauntlet | Identified the +0 helmet "Biosy" {rElec Dex+6 Stlth-}
 13029 | Gauntlet | Identified the +2 kite shield of Gyobemp {Will+}
 13029 | Gauntlet | Identified the amulet of the Empire {Spirit Contam rElec
                  | Int+4 Stlth+}
 13029 | Gauntlet | Noticed a minotaur
 13036 | Gauntlet | Slimified a minotaur
 13036 | Gauntlet | a minotaur changed into an azure jelly
 13036 | Gauntlet | Noticed an azure jelly
 13038 | Gauntlet | Identified the +1 robe of the Present {*Corrode Will++}
 13043 | Gauntlet | Identified the +0 buckler "Cotsiri" {rF- Int+4}
 13044 | Gauntlet | Got Sif Muna's Spellbook of Flashy Austromancy
 13057 | Lair:4   | Found a runed translucent door.
 13060 | Lair:4   | Noticed Dobruq's ghost (journeyman OgTm)
 13080 | Lair:5   | Entered Level 5 of the Lair of Beasts
 13652 | Lair:5   | Found a runed translucent door.
 13653 | Lair:5   | Found a viscous altar of Jiyva.
 13653 | Lair:5   | Found a staircase to the Slime Pits.
 13653 | Lair:5   | Noticed an azure jelly
 13770 | Slime:1  | Entered Level 1 of the Pits of Slime
 13770 | Slime:1  | Noticed an acid blob
 13770 | Slime:1  | Noticed an azure jelly
 13771 | Slime:1  | Noticed an acid blob
 13775 | Slime:1  | Noticed an acid blob
 13786 | Slime:2  | Noticed an acid blob
 13811 | Slime:2  | Noticed a quicksilver ooze
 13913 | Slime:5  | Entered Level 5 of the Pits of Slime
 13926 | Slime:5  | Noticed an acid blob
 13944 | Slime:5  | Noticed an acid blob
 13952 | Slime:5  | Noticed an acid blob
 13952 | Slime:5  | Noticed a quicksilver ooze
 13953 | Slime:5  | Found a viscous altar of Jiyva.
 13954 | Slime:5  | Noticed an acid blob
 13954 | Slime:5  | Noticed an acid blob
 13954 | Slime:5  | Noticed a rockslime
 13954 | Slime:5  | Noticed the Royal Jelly
 13954 | Slime:5  | Noticed an acid blob
 13956 | Slime:5  | Noticed an azure jelly
 13956 | Slime:5  | Noticed a rockslime
 13958 | Slime:5  | Noticed an acid blob
 13958 | Slime:5  | Noticed an acid blob
 13959 | Slime:5  | Noticed an acid blob
 13960 | Slime:5  | Noticed an acid blob
 13960 | Slime:5  | Noticed an acid blob
 13966 | Slime:5  | Got Qupooc's Parchment of the Wendigo and Putridity
 13978 | Slime:5  | Identified the +12 rapier of Charmed Prudence {vamp, rC+
                  | Dex+2 Stlth+}
 13979 | Slime:5  | Identified the +4 scimitar of the Final Chapter {pain,
                  | rElec}
 13988 | Slime:5  | Identified the +0 flail of Oluom {speed, *Corrode rC++ rN+}
 13998 | Slime:5  | Got a slimy rune of Zot
 14063 | Slime:5  | Noticed an azure jelly
 14064 | Slime:5  | Noticed an acid blob
 14110 | Slime:4  | Noticed an acid blob
 14146 | Slime:1  | Noticed a quicksilver ooze
 14299 | Lair:5   | Reached skill level 13 in Unarmed Combat
 14475 | Lair:5   | Lost mutation: You have hooves in place of feet. [Jiyva's
                  | grace]
 14475 | Lair:5   | Lost mutation: Armour fits poorly on your pseudopods.
                  | [Jiyva's grace]
 14475 | Lair:5   | Gained mutation: You are agile. (Dex +4, Str/Int -1)
                  | [Jiyva's grace]
 14475 | Lair:5   | Gained mutation: You are very agile. (Dex +8, Str/Int -2)
                  | [Jiyva's grace]
 14475 | Lair:5   | Gained mutation: Armour fits poorly on your pseudopods.
                  | [Jiyva's grace]
 14475 | Lair:5   | Gained mutation: Armour fits poorly on your large
                  | pseudopods. [Jiyva's grace]
 14929 | Lair:5   | Noticed Snorg
 14940 | Lair:5   | Killed Snorg
 14967 | Lair:5   | Mutation became permanent: You have a pair of small horns
                  | on your head. [demonic ancestry]
 14967 | Lair:5   | Gained mutation: You have a pair of horns on your head.
                  | [demonic ancestry]
 14967 | Lair:5   | Reached XP level 14. HP: 90/121 MP: 29/29
 15392 | Lair:4   | Reached skill level 15 in Fighting
 16349 | Lair:3   | Reached skill level 14 in Unarmed Combat
 16587 | D:10     | Killed Gastronok
 16696 | D:9      | Killed Darkkill's ghost
 16718 | D:9      | Identified the +6 dagger of Fear {drain, rC+}
 16719 | D:9      | Identified the +2 cloak of the Vestibule of Hell {+Blink
                  | rN++ Regen+ Int-2}
 16979 | D:11     | Reached skill level 1 in Armour
 17244 | D:11     | You fall into a shaft and drop 3 floors!
 17740 | D:11     | Lost mutation: You have a greatly increased reservoir of
                  | magic. (+30% MP) [Jiyva's grace]
 17740 | D:11     | Lost mutation: Your spells are a little harder to cast, but
                  | a little more powerful. [Jiyva's grace]
 17740 | D:11     | Lost mutation: Armour fits poorly on your large pseudopods.
                  | [Jiyva's grace]
 17740 | D:11     | Gained mutation: You are resistant to electric shocks.
                  | (rElec) [Jiyva's grace]
 17740 | D:11     | Gained mutation: You are covered in slimy tendrils that may
                  | disarm your opponents. [Jiyva's grace]
 17740 | D:11     | Gained mutation: You have hidden genetic potential.
                  | [Jiyva's grace]
 17740 | D:11     | Gained mutation: You have great hidden genetic potential.
                  | [Jiyva's grace]
 17998 | Orc:1    | Entered Level 1 of the Orcish Mines
 17998 | Orc:1    | Noticed Urug
 18023 | Orc:1    | Killed Urug
 18397 | Orc:2    | Entered Level 2 of the Orcish Mines
 18486 | Orc:2    | Noticed Nessos
 18498 | Orc:2    | Killed Nessos
 18606 | Orc:2    | Found a staircase to the Elven Halls.
 18676 | Orc:2    | Found Anuywaidd's Weapon Boutique.
 18905 | Orc:2    | Noticed an orc warlord
 18926 | Orc:2    | Killed an orc warlord
 18927 | Orc:2    | Reached skill level 15 in Unarmed Combat
 18952 | Orc:2    | Found Onepuzxo's Antique Armour Shop.
 18954 | Orc:2    | Found Peism's Antique Weapon Boutique.
 19046 | Orc:2    | Mutation became permanent: You have large cloven feet.
                  | [demonic ancestry]
 19046 | Orc:2    | Gained mutation: You have hoof-like feet. [demonic
                  | ancestry]
 19046 | Orc:2    | Reached XP level 15. HP: 107/129 MP: 22/28
 19197 | Orc:2    | Found Roriotz's Distillery.
 19430 | Orc:2    | Bought an ichor-stained ring mail for 279 gold pieces
 19430 | Orc:2    | Identified the +4 ring mail of Hadjma {Harm rC- Will+
                  | Dex+3} (You bought it in a shop on level 2 of the Orcish
                  | Mines)
 19430 | Orc:2    | Bought a dazzling hat for 279 gold pieces
 19430 | Orc:2    | Identified the +1 hat of the Gloaming {Harm Rampage rC+
                  | Str-2} (You bought it in a shop on level 2 of the Orcish
                  | Mines)
 19502 | Orc:2    | Bought a potion of might for 44 gold pieces
 19502 | Orc:2    | Bought a potion of cancellation for 88 gold pieces
 19502 | Orc:2    | Bought a potion of curing for 33 gold pieces
 19502 | Orc:2    | Bought a potion of heal wounds for 55 gold pieces
 19502 | Orc:2    | Bought a potion of resistance for 110 gold pieces
 19767 | D:10     | Lost mutation: You are very agile. (Dex +8, Str/Int -2)
                  | [Jiyva's grace]
 19767 | D:10     | Lost mutation: You are covered in slimy tendrils that may
                  | disarm your opponents. [Jiyva's grace]
 19767 | D:10     | Gained mutation: Your melee attacks may engulf your foes in
                  | ooze. [Jiyva's grace]
 19767 | D:10     | Gained mutation: Your body has grown eyes which may confuse
                  | attackers. (Acc +3) [Jiyva's grace]
 19767 | D:10     | Gained mutation: Your body has grown many eyes which may
                  | confuse attackers. (Acc +5) [Jiyva's grace]
 19767 | D:10     | Gained mutation: Your body is covered in eyes which may
                  | confuse attackers. (Acc +7, SInv) [Jiyva's grace]
 20041 | D:13     | Reached skill level 5 in Armour
 20045 | D:13     | Identified the +1 great sword "Grim" {venom, rElec rF+
                  | Will+ Dex-3}
 20072 | D:13     | Found a portal to a secret trove of treasure.
 20101 | D:13     | Gained mutation: Armour fits poorly on your strangely
                  | shaped body. [a neqoxec]
 20330 | D:13     | Found Ysegha's Weapon Shoppe.
 20583 | D:14     | Noticed Rupert
 20583 | D:14     | Found a gate to the Vaults.
 20683 | D:14     | Found an ancient bone altar of Kikubaaqudgha.
 20871 | D:14     | Found a runed translucent gate.
 20871 | D:14     | Found a runed translucent gate.
 20871 | D:14     | Found a runed translucent gate.
 20875 | D:14     | Noticed Nucishy's ghost (adept DrAE)
 20933 | D:14     | Slimified Rupert
 20933 | D:14     | Rupert changed into Rupert the azure jelly
 20933 | D:14     | Noticed Rupert
 21392 | D:15     | Entered Level 15 of the Dungeon
 21456 | D:15     | Lost mutation: You are agile. (Dex +4, Str/Int -1) [Jiyva's
                  | grace]
 21456 | D:15     | Lost mutation: You have a considerably increased reservoir
                  | of magic. (+20% MP) [Jiyva's grace]
 21456 | D:15     | Gained mutation: You are agile. (Dex +4, Str/Int -1)
                  | [Jiyva's grace]
 21456 | D:15     | Gained mutation: You are very agile. (Dex +8, Str/Int -2)
                  | [Jiyva's grace]
 21456 | D:15     | Gained mutation: Your movements are slightly less
                  | encumbered by armour. (ER -2) [Jiyva's grace]
 21456 | D:15     | Gained mutation: Your movements are less encumbered by
                  | armour. (ER -4) [Jiyva's grace]
 21723 | D:15     | Reached skill level 16 in Unarmed Combat
 21852 | D:15     | Gained mutation: You have hooves in place of feet. [hidden
                  | potential]
 21858 | D:15     | Found a staircase to the Depths.
 21943 | D:15     | Found the +12 pair of quick blades "Gyre" and "Gimble"
                  | {protect}
 22344 | Elf:1    | Entered Level 1 of the Elven Halls
 22399 | Elf:1    | Found a runed translucent gate.
 22427 | Elf:1    | Found a runed translucent gate.
 22431 | Elf:1    | Found a runed translucent gate.
 22647 | Elf:1    | Mutation became permanent: You have hoof-like feet.
                  | [demonic ancestry]
 22647 | Elf:1    | Gained mutation: You have hooves in place of feet. [demonic
                  | ancestry]
 22647 | Elf:1    | Reached XP level 16. HP: 136/136 MP: 27/27
 22702 | Elf:1    | Noticed Frances
 22708 | Elf:1    | Killed Frances
 22832 | Elf:1    | Noticed SirDiesAlot's ghost (adept DsFE)
 22833 | Elf:1    | Noticed Teoxt's ghost (adept OpAE)
 22833 | Elf:1    | Noticed Foybonoth's ghost (adept MiFi)
 22834 | Elf:1    | Noticed Foybonoth's ghost (adept MiFi)
 23228 | Elf:1    | HP: 2/136 [+3 dire flail of holy wrath (30)]
 23635 | Swamp:1  | Entered Level 1 of the Swamp
 23647 | Swamp:1  | Reached skill level 17 in Unarmed Combat
 23784 | Swamp:1  | Reached skill level 10 in Armour
 24182 | Swamp:2  | Lost mutation: You have an increased reservoir of magic.
                  | (+10% MP) [Jiyva's grace]
 24182 | Swamp:2  | Lost mutation: You are resistant to electric shocks.
                  | (rElec) [Jiyva's grace]
 24182 | Swamp:2  | Lost mutation: You have acidic saliva. [Jiyva's grace]
 24182 | Swamp:2  | Lost mutation: Your body is covered in eyes which may
                  | confuse attackers. (Acc +7, SInv) [Jiyva's grace]
 24182 | Swamp:2  | Lost mutation: Your body has grown many eyes which may
                  | confuse attackers. (Acc +5) [Jiyva's grace]
 24182 | Swamp:2  | Lost mutation: Your body has grown eyes which may confuse
                  | attackers. (Acc +3) [Jiyva's grace]
 24182 | Swamp:2  | Gained mutation: Your mind is very acute. (Int +8, Str/Dex
                  | -2) [Jiyva's grace]
 24182 | Swamp:2  | Gained mutation: You possess an exceptional clarity of
                  | mind. [Jiyva's grace]
 24182 | Swamp:2  | Gained mutation: You have a small jelly attached to you
                  | that may absorb projectiles. [Jiyva's grace]
 24182 | Swamp:2  | Gained mutation: You have a somewhat thin skeletal
                  | structure. (Dex +2, Stealth+) [Jiyva's grace]
 24190 | Swamp:2  | Noticed a tentacled monstrosity
 24221 | Swamp:1  | Killed a tentacled monstrosity
 24312 | Swamp:2  | Noticed Donald
 24325 | Swamp:2  | Killed Donald
 24331 | Swamp:2  | Reached skill level 5 in Shields
 24335 | Swamp:2  | Gained mutation: You are highly strong-willed. (Will++)
                  | [hidden potential]
 24335 | Swamp:2  | Lost mutation: You have great hidden genetic potential.
                  | [hidden potential expressed]
 24751 | Swamp:3  | Noticed Louise
 24754 | Swamp:3  | Noticed a thorn hunter
 24818 | Swamp:3  | Found a runed translucent gate.
 24819 | Swamp:3  | Found a runed translucent gate.
 24820 | Swamp:3  | Found a runed translucent gate.
 24845 | Swamp:3  | Noticed Atuuduag's ghost (adept OgGl)
 25008 | Swamp:3  | Killed a thorn hunter
 25116 | Swamp:3  | Killed Louise
 25472 | Swamp:4  | Entered Level 4 of the Swamp
 25737 | Swamp:4  | Slain by a ghoul

Illustrated notes

Levels and vault maps discovered:
D:1:      dpeg_arrival_renting, layout_basic,
          chequers_ecumenical_altar_simple_redux
D:2:      layout_loops_ring, small_statue_intersection, grunt_decor_junction,
          minmay_strange_pillars
D:3:      layout_loops_ring, fiery_altar_vehumet, xom_redecorated,
          portal_sewer_entry_d, gammafunk_ghost_gnarly_gnolls, uniq_grinder,
          uniq_pargi
D:4:      layout_gridville, serial_shops, nicolae_shop_stone, uniq_edmund
D:5:      layout_rooms, zin_statuary, cheibrodos_ashenzari_chains,
          grunt_temple_overflow_open, serial_undead, serial_undead_b,
          serial_undead_d, serial_undead_b, serial_undead_b,
          guppyfry_early_lair_pool
D:6:      layout_loops_cross, uniq_eustachio, uniq_blork_the_orc
D:7:      layout_cave_pods, mainiacjoe_overflow_alcove_2, temple_green,
          hellmonk_ghost_happy_afterlife, uniq_duvessa
D:8:      layout_basic, nicolae_uskayaw_murder_on_the_dancefloor,
          gammafunk_temple_overflow_arena, wad_floor_pattern_untrapped,
          minivault_22
D:9:      layout_loops_ring, erik_orc_3, biasface_ghost_orc_armoury,
          minivault_10, grunt_decor_arrowhead
D:10:     erik_rubicon_b, layout_basic, overflow_temple_1_default,
          hellmonk_lair_entry_icy, hangedman_decor_opposing, uniq_gastronok
D:11:     layout_loops_cross, minmay_misc_feat_plants
D:12:     layout_rooms
D:13:     layout_roguey, enter_trove_2, serial_shops, shop, minivault_8
D:14:     kennysheep_kobold_grotto, layout_irregular_city, david_vaults_3,
          ebering_ghost_rock_garden, lemuel_doored_altar
D:15:     grunt_enter_depths_magical_seal, layout_basic, hangedman_decor_lopped,
          hellmonk_guarded_unrand_gyre_and_gimble
Lair:1:   layout_regular_city, nicolae_quartered_pool_little, grunt_megastairs_3
Lair:2:   layout_chaotic_city, swamp_mist, spider_nest_entry_web_field,
          uniq_amaemon
Lair:3:   nzn_winding_woodlands_huge [nzn_winding_woodlands_5x15_crooked,
          nzn_winding_woodlands_5x15_concentric,
          nzn_winding_woodlands_5x15_longhouse,
          nzn_winding_woodlands_5x15_parted, nzn_winding_woodlands_5x15_twine,
          nzn_winding_woodlands_5x15_cabin, nzn_winding_woodlands_5x15_garden,
          nzn_winding_woodlands_5x15_pockets, nzn_winding_woodlands_5x15_pool,
          nzn_winding_woodlands_5x15_sidewinder,
          nzn_winding_woodlands_center_diamonds,
          nzn_winding_woodlands_center_lodge,
          nzn_winding_woodlands_15x15_killbox], layout_regular_city
Lair:4:   layout_loops_ring, basic_altar, gauntlet_entry_generic,
          ebering_ghost_inner_flame, beast_lair_carwin_5
Lair:5:   hangedman_lair_in_review, layout_regular_city,
          hangedman_lair_tendril_chambers, slime_entry_2,
          chequers_serial_rivers_marsh, pdpol_lair_cavern_descent, uniq_snorg
Swamp:1:  layout_falls_marsh, evilmike_swamp_ruin_house_6, swamp_pool4
Swamp:2:  layout_falls_marsh, wheals_swamp_sinkhole, swamp_pool1,
          infiniplex_staircase_pool_2, uniq_donald
Swamp:3:  layout_basic_swamp, ebering_ghost_rock_garden,
          evilmike_swamp_ruin_house_4, uniq_louise
Swamp:4:  swamp_basic_johnstein, layout_basic_swamp, swamp_pool4
Slime:1:  layout_caves
Slime:2:  layout_caves, nicolae_slime_welcoming_committee
Slime:3:  layout_caves, nicolae_slime_round_cave
Slime:4:  layout_caves
Slime:5
Orc:1:    layout_caves, basic_altar, uniq_urug
Orc:2:    grunt_orc_community_town_hall, layout_diamond_mine,
          grunt_orc_community_big_house_1, grunt_orc_community_big_house_1,
          grunt_orc_community_house_1, grunt_orc_community_house_1,
          grunt_orc_community_house_3, grunt_orc_community_house_2,
          grunt_orc_community_house_3, grunt_orc_community_house_3, uniq_nessos
Elf:1:    eino_elf_arrival_the_gate, layout_loops_cross,
          gammafunk_ghost_cemetery, hangedman_elf_represent, uniq_frances
Elf:2:    nicolae_elf_blades_crystal_corner, layout_loops_ring, uniq_aizul

Skill      XL: |  1  2  3  4  5  6  7  8  9 10 11 12 13 14 15 16 |
---------------+-------------------------------------------------+-----
Short Blades   | 2 |  2.4
Throwing       | 2 3 |  3.0
Unarmed Combat | 1 2 3 4 5 6 8 10 12 13 15 16 17 | 17.2
Fighting       | 3 4 5 6 8 10 12 13 14 15 | 15.0
Stealth        | 4 |  4.0
Ice Magic      | 2 4 5 |  5.5
Spellcasting   | 2 5 6 |  6.0
Shields        | 4 7 |  7.3
Dodging        | 5 8 9 |  9.6
Armour         | 4 9 11 | 11.9

Action                   |  1- 3 |  4- 6 |  7- 9 | 10-12 | 13-15 | 16-18 || total
-------------------------+-------+-------+-------+-------+-------+-------++-------
Melee: Dagger            |   122 |    53 |    15 |    52 |       |       ||   242
       Punch             |     1 |     1 |     8 |     3 |       |       ||    13
       Unarmed           |    21 |   158 |   217 |   281 |   933 |   308 ||  1918
       Headbutt          |       |    12 |    61 |    83 |   258 |    72 ||   486
       Bite              |       |       |    24 |    27 |   118 |    15 ||   184
       Pseudopods        |       |       |       |    48 |   226 |    74 ||   348
       Kick              |       |       |       |   100 |   396 |   118 ||   614
Throw: Dart              |    30 |    21 |     2 |     1 |    10 |    22 ||    86
       Javelin           |       |     2 |       |       |       |       ||     2
 Cast: Ozocubu's Armour  |       |       |    47 |   109 |    52 |    15 ||   223
Invok: Oozemancy         |       |       |     1 |     4 |     2 |       ||     7
       Slimify           |       |       |       |     3 |     3 |       ||     6
Evoke: Wand              |       |       |       |    15 |     5 |       ||    20
       Condenser vane    |       |       |       |       |     1 |     1 ||     2
  Use: Scroll            |     3 |     5 |     1 |     9 |    11 |     3 ||    32
       Potion            |       |     4 |     1 |     3 |     2 |     6 ||    16
 Stab: Sleeping          |     7 |     1 |     4 |     3 |    11 |     5 ||    31
       Distracted        |       |     1 |       |     1 |     5 |     4 ||    11
       Paralysed         |       |       |    33 |    75 |    40 |     5 ||   153
       Invisible         |       |       |       |       |     1 |       ||     1
       Confused          |       |       |       |       |    13 |     6 ||    19
Armor: Robe              |    42 |     1 |    36 |     1 |       |       ||    80
       Ring mail         |       |    99 |    42 |       |       |       ||   141
       Steam dragon scal |       |       |       |    92 |   140 |    65 ||   297
Dodge: Dodged            |    73 |   138 |    98 |   169 |   627 |   233 ||  1338
Block: Buckler           |       |       |       |    76 |   247 |    23 ||   346
       Kite shield       |       |       |       |       |       |   177 ||   177

Table legend: (Time is in decaauts)
 A = Elapsed time spent in this place.
 B = Non-inter-level travel time spent in this place.
 C = Inter-level travel time spent in this place.
 D = Time resting spent in this place.
 E = Time spent auto-exploring this place.
 F = Levels seen in this place.
 G = Mean time per level.
                   A        B        C        D        E       F      G
               +--------+--------+--------+--------+--------+-----+--------+
         Total |  25648 |  23485 |   2163 |    593 |  16822 |  35 |  732.8 |
       Dungeon |  12886 |  11581 |   1305 |    182 |   8547 |  15 |  859.1 |
          Lair |   6309 |   5967 |    342 |     21 |   4340 |   5 | 1261.8 |
         Swamp |   2245 |   2185 |     60 |     13 |   1523 |   4 |  561.2 |
    Slime Pits |    380 |    260 |    120 |      0 |    206 |   5 |   76.0 |
  Orcish Mines |   1605 |   1329 |    276 |      0 |   1006 |   2 |  802.5 |
   Elven Halls |    964 |    906 |     58 |     15 |    695 |   2 |  482.0 |
         Sewer |    781 |    781 |      0 |    239 |    283 |   1 |  781.0 |
      Gauntlet |    474 |    474 |      0 |    123 |    220 |   1 |  474.0 |
               +--------+--------+--------+--------+--------+-----+--------+

Top non-repeatable levels by time:
  Lair:5: 1818 daAuts
  Lair:3: 1777 daAuts
    D:10: 1313 daAuts
     D:9: 1187 daAuts
   Orc:2: 1182 daAuts
     D:1: 1130 daAuts
     D:2: 1083 daAuts
   Elf:1: 954 daAuts
  Lair:4: 948 daAuts
     D:7: 906 daAuts
  Lair:1: 892 daAuts
     D:3: 892 daAuts
  Lair:2: 872 daAuts
     D:4: 853 daAuts
     D:8: 845 daAuts
